 Dungeon Crawl Stone Soup version 0.22-a0-159-g7ce444f (webtiles) character file.

1208 rlgrobin the Chopper (level 8, 0/94 HPs)
             Began as a Demonspawn Monk on Feb 10, 2018.
             Slain by KristoblXynda's ghost (8 damage)
             ... on level 6 of the Dungeon.
             The game lasted 00:36:52 (4655 turns).

rlgrobin the Chopper (Demonspawn Monk)              Turns: 4655, Time: 00:36:53

Health: 0/94       AC: 16    Str: 19    XL:     8   Next: 21%
Magic:  9/9        EV: 19    Int: 11    God:
Gold:   215        SH:  0    Dex: 21    Spells: 7/7 levels left

rFire    . . .     SeeInvis .   x - +2 flail (protect)
rCold    . . .     Gourm    +   (no shield)
rNeg     . . .     Faith    .   w - +3 leather armour
rPois    .         Spirit   .   (helmet restricted)
rElec    .         Reflect  .   (no cloak)
rCorr    .         Harm     .   b - +0 pair of gloves
MR       .....                  (no boots)
Stlth    ..........             A - amulet of the gourmand
HPRegen  0.25/turn              (no ring)
MPRegen  0.11/turn              (no ring)

@: agile, berserking, protection aura, drained, very quick
A: antennae 1, icy blue scales 1, demonic guardian 1, powered by pain 1
a: no special abilities


You were on level 6 of the Dungeon.
You were very full.

You visited 2 branches of the dungeon, and saw 7 of its levels.

You collected 215 gold pieces.


Innate Abilities, Weirdness & Mutations

You have a pair of small antennae on your head.
You are partially covered in icy blue scales. (AC +2)
A weak demonic guardian rushes to your aid.
You sometimes gain a little power by taking damage.


   Skills:
 - Level 5.4(4.7) Fighting
 + Level 5.5(4.8) Axes
 - Level 3.8(3.1) Armour
 - Level 4.0(3.3) Dodging
 - Level 3.2(2.6) Stealth
 - Level 2.6(1.9) Evocations


You had 7 spell levels left.
You didn't know any spells.

Inventory:

Hand Weapons
 m - the +2 dagger "Demon's Funeral" {drain, *Rage Str+8 Int+5} A truly terrible weapon, it drains the life of those it strikes. It affects your strength (+8). It affects your intelligence (+5). It may make you go berserk in combat.
 s - a +0 war axe
 x - a +2 flail of protection (weapon)
 B - a +2 whip of freezing
Missiles
 d - 119 stones (quivered)
 t - 2 poisoned tomahawks
 u - 2 needles of frenzy
Armour
 b - a +0 pair of gloves (worn)
 w - a +3 leather armour (worn)
Jewellery
 a - an uncursed ring of flight {unknown}
 q - an uncursed amulet of the acrobat
 A - an amulet of the gourmand (around neck)
Wands
 j - a wand of clouds (4)
 n - a wand of paralysis (9)
Scrolls
 g - 3 scrolls of remove curse
 i - 2 scrolls of teleportation {@r4}
 p - 3 scrolls of fog
 r - 2 scrolls of enchant weapon {unknown}
 D - a scroll of acquirement {unknown}
 F - a scroll of immolation {unknown}
Potions
 e - a potion of magic {unknown}
 f - a potion of lignification {unknown}
 h - 4 potions of invisibility {unknown}
 k - a potion of might {unknown}
 l - a potion of mutation {unknown}
 o - a potion of berserk rage {!q}
 v - a potion of haste {unknown}
 z - 2 potions of agility
 C - a potion of ambrosia {unknown}
 E - a potion of heal wounds {unknown}
Books
 y - a book of Maledictions

   Spells                             Type                      Level
   a - Corona                         Hexes                        1
   b - Ensorcelled Hibernation        Hexes/Ice                    2
   c - Confuse                        Hexes                        3
   d - Tukima's Dance                 Hexes                        3
   e - Dazzling Spray                 Conjuration/Hexes            3
Comestibles
 c - 4 rations

Dungeon Overview and Level Annotations

Branches:
Dungeon (6/15)             Temple (1/1) D:4

Altars:
Qazlal
Ru
Sif Muna
Trog
Wu Jian
Xom
Yredelemnul
Zin

Annotations:
D:3 exclusion: centaur
D:5 1 runed door
D:6 KristoblXynda's ghost, novice DrGl

..........▒ ▒.......▒▒
.........▒▒ ▒▒........▒
.........▒ ▒.........▒▒
........▒▒ ▒▒..........▒
........▒ ▒...........▒
........▒▒▒▒..........▒▒
......▒..▒▒...........▒
.....▒▒▒.▒▒....†.....▒▒
..... ▒.▒65........▒▒
▒▒▒▒▒ ▒)5W5.......▒▒
▒▒........▒▒▒ ▒.....▒▒▒▒
. ▒..▒▒▒▒ ... ▒▒.▒▒
.....▒▒▒..▒▒▒
............▒
.......▒▒▒▒...▒


You could see KristoblXynda's ghost, a friendly quasit, a friendly white imp and
a friendly ufetubus.


Message History

Your quasit bites KristoblXynda's ghost but does no damage!
Your quasit misses KristoblXynda's ghost! x2
You miss KristoblXynda's ghost!
KristoblXynda's ghost is severely damaged!
Your white imp hits KristoblXynda's ghost but does no damage!
Your quasit closely misses KristoblXynda's ghost!
Your quasit misses KristoblXynda's ghost!
Your quasit barely misses KristoblXynda's ghost!
KristoblXynda's ghost hits you! * * * don't die
* * * You take 3 damage, and have 8/94 hp!
You barely miss KristoblXynda's ghost!
KristoblXynda's ghost is severely damaged!
Your white imp gestures at KristoblXynda's ghost!
The puff of frost misses KristoblXynda's ghost!
The puff of frost hits your quasit!
Your quasit bites KristoblXynda's ghost but does no damage!
Your quasit barely misses KristoblXynda's ghost! x2
You miss KristoblXynda's ghost!
KristoblXynda's ghost is severely damaged!
Your quasit completely misses KristoblXynda's ghost! x2
Your quasit barely misses KristoblXynda's ghost!
Your ufetubus barely misses KristoblXynda's ghost! x2
Your white imp gestures at KristoblXynda's ghost!
The puff of frost hits KristoblXynda's ghost!
You crush KristoblXynda's ghost like a grape!
KristoblXynda's ghost is severely damaged!
KristoblXynda's ghost wails, "They lied to you!
The Dungeon just goes down and down forever!"
KristoblXynda's ghost hits you!!! rip

Action                   |  1- 3 |  4- 6 |  7- 9 || total
-------------------------+-------+-------+-------++-------
Melee: Hand axe          |   129 |    74 |       ||   203
       Dagger            |     1 |    79 |    35 ||   115
       Flail             |       |     4 |    24 ||    28
       Whip              |       |       |    16 ||    16
Throw: Stone             |    20 |    60 |    20 ||   100
       Tomahawk          |       |       |     1 ||     1
Evoke: Wand              |       |     1 |     6 ||     7
  Use: Scroll            |       |       |     5 ||     5
       Potion            |       |       |     1 ||     1
 Stab: Sleeping          |     7 |     6 |     1 ||    14
       Distracted        |     1 |     1 |       ||     2
  Eat: Chunk             |     2 |     7 |    13 ||    22
Armor: Robe              |    22 |    21 |       ||    43
       Leather armour    |       |    11 |    16 ||    27
Dodge: Dodged            |    72 |   101 |    30 ||   203

Vault maps used:
D:1:      eino_arrival_tree_alley
D:3:      marbit_many_paths
D:4:      minmay_temple_entry_enclosed_plants, first_ration, uniq_robin
D:5:      lemuel_doored_altar, basic_altar, corner_web_ring,
          dk_yredelemnul_ordeal, uniq_pikel, uniq_ijyb, uniq_edmund
D:6:      uniq_eustachio, uniq_blork_the_orc, uniq_duvessa, uniq_prince_ribbit1
Temple:   eino_temple_scatter_basement

Notes
Turn   | Place    | Note
-------+----------+-------------------------------------------
     0 | D:1      | rlgrobin the Demonspawn Monk began the quest for the Orb.
     0 | D:1      | Reached XP level 1. HP: 18/18 MP: 1/1
   492 | D:1      | Reached skill level 3 in Axes
   492 | D:1      | Reached skill level 3 in Dodging
   515 | D:1      | Gained mutation: A weak demonic guardian rushes to your aid. [demonic ancestry]
   515 | D:1      | Reached XP level 2. HP: 16/24 MP: 2/2
  1158 | D:2      | Gained mutation: You are partially covered in icy blue scales. (AC +2) [demonic ancestry]
  1158 | D:2      | Reached XP level 3. HP: 25/29 MP: 3/3
  1379 | D:2      | Reached skill level 4 in Axes
  1560 | D:2      | Gained mutation: You have a pair of small antennae on your head. [demonic ancestry]
  1560 | D:2      | Reached XP level 4. HP: 28/35 MP: 4/4
  1801 | D:3      | Reached skill level 2 in Stealth
  1924 | D:3      | Noticed a centaur
  2100 | D:3      | Found an ornate altar of the Wu Jian Council.
  2282 | D:4      | Found a staircase to the Ecumenical Temple.
  2288 | Temple   | Entered the Ecumenical Temple
  2331 | D:4      | Got an ichor-stained dagger
  2349 | D:4      | Identified the +2 dagger "Demon's Funeral" {drain, *Rage Str+8 Int+5} (You found it on level 4 of the Dungeon)
  2484 | D:4      | Reached XP level 5. HP: 42/42 MP: 5/5
  2835 | D:5      | Entered Level 5 of the Dungeon
  2864 | D:5      | Noticed Edmund
  2875 | D:5      | Killed Edmund
  2875 | D:5      | Reached skill level 4 in Fighting
  3027 | D:5      | Noticed an ogre
  3035 | D:5      | Killed an ogre
  3035 | D:5      | Reached skill level 5 in Fighting
  3035 | D:5      | Reached XP level 6. HP: 51/51 MP: 6/6
  3259 | D:5      | Noticed Ijyb
  3276 | D:5      | Killed Ijyb
  3512 | D:5      | Found a runed door.
  3512 | D:5      | Noticed a human
  3520 | D:5      | Found a basalt altar of Yredelemnul.
  3545 | D:5      | Found a glowing silver altar of Zin.
  3554 | D:5      | Noticed a sky beast
  3558 | D:5      | Reached skill level 3 in Stealth
  3569 | D:5      | Killed a sky beast
  3569 | D:5      | Reached skill level 1 in Armour
  3593 | D:5      | Noticed a slave
  3649 | D:5      | Reached skill level 2 in Armour
  3669 | D:5      | Reached XP level 7. HP: 56/56 MP: 7/7
  3880 | D:5      | Found a bloodstained altar of Trog.
  4048 | D:5      | Noticed Pikel
  4060 | D:5      | Killed Pikel
  4060 | D:5      | Reached skill level 3 in Armour
  4060 | D:5      | Reached skill level 4 in Dodging
  4060 | D:5      | Reached skill level 2 in Evocations
  4093 | D:5      | Gained mutation: You sometimes gain a little power by taking damage. [demonic ancestry]
  4093 | D:5      | Reached XP level 8. HP: 56/63 MP: 9/9
  4306 | D:5      | Reached skill level 5 in Axes
  4618 | D:6      | Noticed KristoblXynda's ghost (novice DrGl)
  4652 | D:6      | HP: 8/94 [KristoblXynda's ghost (4)]
  4655 | D:6      | Slain by KristoblXynda's ghost

Vanquished Creatures
  Pikel (D:5)
  Edmund (D:5)
  A sky beast (D:5)
  A slave (D:5)
  2 scorpions
  A wight (D:6)
  A jelly (D:6)
  A hound (D:5)
  An orc priest (D:5)
  An iguana (D:5)
  Ijyb (D:5)
  2 worker ants
  8 adders
  A shadow imp (D:5)
  3 oozes
  An adder zombie (D:5)
  A worm (D:2)
  3 dart slugs
  A leopard gecko (D:5)
  12 orcs
  5 giant cockroaches
  10 goblins
  4 hobgoblins
  2 quokkas (D:3)
  10 bats
  2 frilled lizards
  A jackal skeleton (D:5)
  6 kobolds
  2 quokka skeletons (D:5)
  9 rats
95 creatures vanquished.

Vanquished Creatures (collateral kills)
  A slave (D:5)
  An ogre (D:5)
  A howler monkey (D:5)
  A leopard gecko (D:5)
  A quokka (D:6)
5 creatures vanquished.

Grand Total: 100 creatures vanquished
